 Dungeon Crawl Stone Soup version 0.17.1-3-g152610e (webtiles) character file.

73 senseless the Skirmisher (level 4, -1/42 HPs)
             Began as a Minotaur Fighter on Apr 27, 2016.
             Killed by nerve-wracking pain
             ... invoked by Grinder
              (13 damage)
             ... on level 3 of the Dungeon.
             The game lasted 00:04:55 (1298 turns).

senseless the Skirmisher (Minotaur Fighter)         Turns: 1298, Time: 00:04:55

Health: -1/42      AC: 13    Str: 26    XL:     4   Next: 8%
Magic:  3/3        EV:  5    Int:  5    God:
Gold:   54         SH: 10    Dex: 10    Spells: 0 memorised, 3 levels left

rFire  . . .     SeeInvis .     a - +0 war axe
rCold  . . .     Clarity  .     p - +0 plate armour
rNeg   . . .     SustAt   +     c - +0 shield
rPois  .         Gourm    .     (helmet restricted)
rElec  .         Spirit   .     i - +0 cloak
rCorr  .         Warding  .     (no gloves)
rMut   .         Stasis   .     (no boots)
MR     .....                    (no amulet)
Stlth  ..........               (no ring)
                                j - ring of sustain attributes (curse)

@: mighty, not resistant to hostile enchantments, extremely unstealthy
A: retaliatory headbutt, horns 2
a: no special abilities


You were on level 3 of the Dungeon.
You were not hungry.

You visited 1 branch of the dungeon, and saw 3 of its levels.

You collected 54 gold pieces.

Inventory:

Hand Weapons
 a - a +0 war axe (weapon)
Armour
 b - a +0 scale mail
 c - a +0 shield (worn)
 i - a +0 cloak (worn)
 p - a +0 plate armour (worn)
Jewellery
 j - a cursed ring of sustain attributes (left hand)
Scrolls
 k - 2 scrolls of fear {unknown}
 l - a scroll of remove curse {unknown}
 q - a scroll of magic mapping {unknown}
 s - a scroll of teleportation {unknown}
 t - a scroll of identify {unknown}
 u - a scroll of random uselessness {unknown}
 v - a scroll of blinking {unknown}
Potions
 f - a potion of curing {unknown}
 h - a potion of lignification {unknown}
 m - a potion of cure mutation {unknown}
 o - a potion of brilliance {unknown}
Comestibles
 e - 4 bread rations
 g - 3 fruits
 n - a beef jerky
 r - 2 chunks of flesh


   Skills:
 * Level 5.0 Fighting
 + Level 3.0 Axes
 + Level 4.1 Armour
 + Level 4.1 Shields


You had 3 spell levels left.
You didn't know any spells.

Dungeon Overview and Level Annotations

Branches:
Dungeon (3/15)

Altars:

Annotations:
D:3 Grinder


Innate Abilities, Weirdness & Mutations

You reflexively headbutt those who attack you in melee.
You have a pair of horns on your head.


Message History

Grinder is moderately wounded.
Grinder gestures at you.
You shrug off the repeated paralysis!
Grinder hits you.
You writhe in agony.
Your plate armour prevents you from hitting Grinder.
Your headbutt misses Grinder.
Grinder is moderately wounded.
Grinder hits you.
You writhe in agony.
You hit Grinder.
Grinder is heavily wounded.
Grinder hits you.
You writhe in agony.
You writhe in agony.
Grinder hits you but does no damage.
You hit Grinder. You headbutt Grinder.
Grinder is severely wounded.
Grinder gestures at you. Pain shoots through your body!
* * * LOW HITPOINT WARNING * * *
You feel very mighty all of a sudden. Grinder gestures at you.
Pain shoots through your body!
You die...

..# #.# ######### #.#
#.......#### #.#######
+.......+..# #.##.....
#...5...##.# #.##.....
+....@..##.# #.##.....
#.....†.##.###.##.....
#####'#..)†...........
#.#.##############
#.#.# #.#.# #.#.#
#..>. #####


You could see Grinder.

Vanquished Creatures
  Natasha (D:2)
  2 adders
  An ooze (D:2)
  3 bats (D:2)
  3 goblins
  7 hobgoblins
  2 giant newts (D:1)
  2 jackals (D:3)
  2 kobolds (D:2)
  3 rats (D:2)
26 creatures vanquished.

Notes
Turn   | Place    | Note
--------------------------------------------------------------
     0 | D:1      | senseless the Minotaur Fighter began the quest for the Orb.
     0 | D:1      | Reached XP level 1. HP: 19/19 MP: 0/0
   604 | D:2      | Reached skill level 4 in Fighting
   604 | D:2      | Reached XP level 2. HP: 27/27 MP: 1/1
   917 | D:2      | Noticed Natasha
   923 | D:2      | Killed Natasha
   923 | D:2      | Reached XP level 3. HP: 21/34 MP: 2/2
  1152 | D:3      | Reached XP level 4. HP: 41/41 MP: 3/3
  1221 | D:3      | Reached skill level 5 in Fighting
  1267 | D:3      | Noticed Grinder
  1283 | D:3      | Paralysed by Grinder for 2 turns
  1288 | D:3      | Paralysed by Grinder for 6 turns
  1298 | D:3      | Killed from afar by Grinder

Action                   |  1- 3 |  4- 6 || total
-------------------------+-------+-------++-------
Melee: War axe           |    75 |    21 ||    96
  Use: Potion            |       |     1 ||     1
  Eat: Chunk             |     1 |       ||     1
